 Dungeon Crawl Stone Soup version 0.30.1-11-g7821555f0a (webtiles) character file.

Game seed: 3030347910158145201

444704 Nonny the Sensei (level 22, -7/167 HPs)
             Began as a Demonspawn Monk on Nov 27, 2023.
             Was a High Priest of Qazlal.
             Killed from afar by a titan (46 damage)
             ... with a bolt of lightning
             ... on level 5 of the Vaults on Nov 28, 2023.
             The game lasted 02:53:16 (42296 turns).

Nonny the Sensei (Demonspawn Monk)                 Turns: 42296, Time: 02:53:17

Health: -7/167     AC: 29    Str: 13    XL:     22   Next: 77%
Magic:  36/36      EV: 12    Int: 15    God:    Qazlal [*****.]
Gold:   2715       SH: 34    Dex: 25    Spells: 17/21 levels left

rFire   + +          +
                       - Unarmed
rCold   + + .        N - +3 tower shield {rC+}
rNeg    + + .        M - +8 chain mail "Leczair" {rPois rF+ Str-2 Dex+3}
rPois   +            (helmet unavailable)
rElec   +            X - scarf {rC+ rF+}
rCorr   +            a - +2 pair of gloves
SInv    +            c - +2 pair of boots {Stlth+}
Will    +++..        l - amulet of regeneration
Stlth   +            S - ring of Scepticism {+Blink rN+ Will+ Int+2 SInv}
HPRegen 1.27/turn    x - ring of Unoubota {rF++ rN+ Will+}
MPRegen 0.25/turn

%: repel missiles
@: protected from electricity
A: antennae 3, yellow scales 3, demonic guardian 3, ignite blood 2, corrupting
presence 1, hooves 1, evolution 1
}: 3/15 runes: serpentine, barnacled, slimy
a: Renounce Religion, Evoke Blink, Upheaval, Elemental Force, Disaster Area


You were on level 5 of the Vaults.
You worshipped Qazlal.
Qazlal was extremely pleased with you.
You visited 8 branches of the dungeon, and saw 41 of its levels.
You also visited: Ossuary, Gauntlet and Ice Cave.

You collected 5851 gold pieces.
You spent 3136 gold pieces at shops.

Inventory:

Missiles
 p - 2 throwing nets
 G - 5 curare-tipped darts
 J - 47 boomerangs (quivered)
 Q - 5 silver javelins
Armour
 a - a +2 pair of gloves (worn)
 c - a +2 pair of boots of stealth (worn)
 M - the +8 chain mail "Leczair" (worn) {rPois rF+ Str-2 Dex+3}
   (You found it on level 5 of the Pits of Slime)

   Str:       It affects your strength (-2).
   Dex:       It affects your dexterity (+3).
   rF:        It protects you from fire.
   rPois:     It protects you from poison.
 N - a +3 tower shield of cold resistance (worn)
 X - a scarf of resistance (worn)
Jewellery
 f - a +5 ring of evasion
 l - an amulet of regeneration (around neck)
 m - a +4 ring of slaying
 q - the ring "Welab" {rC+ rN+ Str-2 SInv}
   (You bought it in a shop on level 1 of the Snake Pit)

   [ring of protection from cold]

   Str:       It affects your strength (-2).
   rC:        It protects you from cold.
   rN:        It protects you from negative energy.
   SInv:      It lets you see invisible.
 x - the ring of Unoubota (right hand) {rF++ rN+ Will+}
   (You found it on level 11 of the Dungeon)

   [ring of willpower]

   rF:        It greatly protects you from fire.
   rN:        It protects you from negative energy.
   Will:      It increases your willpower.
 O - a ring of flight
 S - the ring of Scepticism (left hand) {+Blink rN+ Will+ Int+2 SInv}
   (You found it in a Gauntlet)

   [ring of see invisible]

   Int:       It affects your intelligence (+2).
   rN:        It protects you from negative energy.
   SInv:      It lets you see invisible.
   +Blink:    It lets you blink.
   Will:      It increases your willpower.
Wands
 b - a wand of polymorph (12)
 d - a wand of digging (11)
 i - a wand of flame (57)
 t - a wand of quicksilver (13)
 F - a wand of charming (50)
 H - a wand of iceblast (33)
 P - a wand of mindburst (29)
Scrolls
 e - a scroll of summoning
 j - 3 scrolls of amnesia
 n - 3 scrolls of immolation
 s - a scroll of magic mapping
 u - 9 scrolls of fear
 y - 10 scrolls of teleportation
 D - 4 scrolls of fog
Potions
 h - 4 potions of magic
 k - 2 potions of berserk rage
 o - 4 potions of cancellation
 r - 7 potions of brilliance
 z - 9 potions of attraction
 A - 9 potions of flight
 B - 4 potions of mutation
 C - a potion of resistance
 E - 3 potions of curing
 I - 7 potions of might
 K - a potion of invisibility
 L - 2 potions of haste
Miscellaneous
 g - a box of beasts
 R - a condenser vane
 T - a phial of floods
 W - a lightning rod (4/4)
 Z - a phantom mirror


   Skills:
 * Level 12.7 Fighting
 - Level 0.3 Throwing
 + Level 7.4 Armour
 - Level 12.3 Dodging
 - Level 2.0 Stealth
 + Level 18.8 Shields
 + Level 22.6 Unarmed Combat
 + Level 20.0 Invocations
 - Level 9.0 Evocations


You had 17 spell levels left.
You knew the following spells:

 Your Spells              Type           Power      Damage    Failure   Level
a - Passwall              Tmut/Erth      0%         N/A       100%        2
b - Blink                 Tloc           0%         N/A       100%        2

Your spell library contained the following spells:

 Spells                   Type           Power      Damage    Failure   Level
 Apportation              Tloc           0%         N/A       100%        1
 Beastly Appendage        Tmut           0%         N/A       100%        1
 Kiss of Death            Conj/Necr      0%         2d5       100%        1
 Necrotise                Necr           0%         1d4       100%        1
 Sandblast                Erth           0%         2d4       100%        1
 Summon Small Mammal      Summ           0%         N/A       100%        1
 Cigotuvi's Dreadful Rot  Necr/Pois/Air  0%         N/A       100%        2
 Ensorcelled Hibernation  Hex/Ice        0%         N/A       100%        2
 Lesser Beckoning         Tloc           0%         N/A       100%        2
 Momentum Strike          Conj/Tloc      0%         3d8       100%        2
 Scorch                   Fire           0%         2d5       100%        2
 Searing Ray              Conj           0%         2d4       100%        2
 Static Discharge         Conj/Air       0%         2-2/arc   100%        2
 Wereblood                Tmut           0%         N/A       100%        2
 Call Canine Familiar     Summ           0%         N/A       100%        3
 Confusing Touch          Hex            0%         N/A       100%        3
 Dazzling Flash           Conj/Hex       0%         N/A       100%        3
 Frozen Ramparts          Ice            0%         1d1       100%        3
 Gell's Gravitas          Tloc           0%         N/A       100%        3
 Hailstorm                Conj/Ice       0%         3d3       100%        3
 Ignite Poison            Fire/Tmut/Pois 0%         N/A       100%        3
 Inner Flame              Hex/Fire       0%         N/A       100%        3
 Ozocubu's Armour         Ice            0%         N/A       100%        3
 Portal Projectile        Hex/Tloc       0%         N/A       100%        3
 Spider Form              Tmut/Pois      0%         N/A       100%        3
 Stone Arrow              Conj/Erth      0%         3d7       100%        3
 Summon Guardian Golem    Hex/Summ       0%         N/A       100%        3
 Swiftness                Air            0%         N/A       100%        3
 Teleport Other           Tloc           0%         N/A       100%        3
 Vhi's Electric Charge    Tloc/Air       0%         N/A       100%        3
 Volatile Blastmotes      Fire/Tloc      0%         2d10      100%        3
 Airstrike                Air            0%         2d(0-16)  100%        4
 Animate Armour           Summ/Erth      0%         N/A       100%        4
 Dispel Undead            Necr           0%         3d6       100%        4
 Flame Wave               Conj/Fire      0%         2d4       100%        4
 Fulminant Prism          Conj/Hex       0%         3d5       100%        4
 Ice Form                 Ice/Tmut       0%         N/A       100%        4
 Iskenderun's Mystic Bla  Conj/Tloc      0%         2d3       100%        4
 Leda's Liquefaction      Hex/Erth       0%         N/A       100%        4
 Passage of Golubria      Tloc           0%         N/A       100%        4
 Sticky Flame             Conj/Fire      0%         2d3       100%        4
 Summon Ice Beast         Ice/Summ       0%         N/A       100%        4
 Summon Lightning Spire   Summ/Air       0%         N/A       100%        4
 Agony                    Necr           0%         N/A       100%        5
 Arcjolt                  Conj/Air       0%         1d10      100%        5
 Blade Hands              Tmut           0%         N/A       100%        5
 Freezing Cloud           Conj/Ice/Air   0%         6-21      100%        5
 Lee's Rapid Deconstruct  Erth           0%         3d4*      100%        5
 Silence                  Hex/Air        0%         N/A       100%        5
 Summon Forest            Summ/Tloc      0%         N/A       100%        5
 Summon Mana Viper        Hex/Summ       0%         N/A       100%        5
 Conjure Ball Lightning   Conj/Air       0%         3x3d6     100%        6
 Death Channel            Necr           0%         N/A       100%        6
 Iron Shot                Conj/Erth      0%         9d1       100%        6
 Simulacrum               Ice/Necr       0%         N/A       100%        6
 Starburst                Conj/Fire      0%         6d3       100%        6
 Summon Cactus Giant      Summ           0%         N/A       100%        6
 Ozocubu's Refrigeration  Ice            0%         4d7       100%        7
 Spellforged Servitor     Conj/Summ      0%         N/A       100%        7
 Discord                  Hex            0%         N/A       100%        8
 Disjunction              Tloc           0%         N/A       100%        8
 Ignition                 Fire           0%         3d3       100%        8
 Lehudib's Crystal Spear  Conj/Erth      0%         10d2      100%        8
 Maxwell's Capacitive Co  Air            0%         ∞         100%        8
 Chain Lightning          Conj/Air       0%         N/A       100%        9
 Fire Storm               Conj/Fire      0%         5d1       100%        9
 Shatter                  Erth           0%         3d5*      100%        9


Dungeon Overview and Level Annotations

Branches:
Dungeon (15/15)            Temple (1/1) D:5            Lair (5/5) D:10
 Shoals (4/4) Lair:2        Snake (4/4) Lair:2        Slime (5/5) Lair:4
    Orc (2/2) D:10            Elf (0/3) Orc:2        Vaults (5/5) D:13
  Crypt (0/3) Vaults:2     Depths (0/4) D:15        Ossuary (visited)
  IceCv (visited)         Gauntlet (visited)

Altars:
Ashenzari
Cheibriados
Dithmenos
Fedhas
Gozag
Hepliaklqana
Kikubaaqudgha
Makhleb
Nemelex Xobeh
Okawaru
Qazlal
Ru
Sif Muna
Trog
Uskayaw
Vehumet
Wu Jian
Xom
Yredelemnul
Jiyva

Shops:
D:3 [   D:5 *   D:14 :[=!*   Orc:2 =*[(   Shoals:2 *   Snake:1 :==   Snake:4 *
Vaults:1 ?   Vaults:2 (!??

Portals:
Trove: Vaults:2 (give 8 scrolls of blinking)

Annotations:
Slime:2 exclusion: downstairs
Vaults:3 2 runed translucent doors, Ogiufoxyo's ghost, adept MfIE


Innate Abilities, Weirdness & Mutations

You have a pair of large antennae on your head. (SInv)
You are completely covered in yellow scales. (AC +4, rCorr)
A powerful demonic guardian rushes to your aid.
Your demonic aura often causes spilled blood to erupt in flames.
Your presence sometimes corrodes those you injure.
You have large cloven feet.
You have hidden genetic potential.


Message History

The titan hits you!
Unknown command.
You hit the titan.
The titan is lightly wounded.
The titan is engulfed in blazing flames.
You block the titan's attack.
You punch the titan!
The titan is moderately wounded.
You punch the titan!
The titan is moderately wounded.
The titan is engulfed in blazing flames.
You block the titan's attack.
The vault warden shoots a bolt.
The bolt hits you.
Okay, then.
You pummel the titan!!
The titan is severely wounded.
The titan is engulfed in blazing flames.
The titan hits you!!
* * * LOW HITPOINT WARNING * * *
A demonic guardian appears!
The vault warden shoots a bolt.
You block the bolt.
You hit the titan but do no damage.
The titan is severely wounded.
Unknown command.
Unknown command.
Unknown command.
The titan attacks as you move away! You block the titan's attack.
A titan comes into view.
The titan shouts!
The vault warden is engulfed in freezing vapours.
Your Brimstone Fiend hits the titan but does no damage.
Your Brimstone Fiend hits the titan! x2
Unknown command.
You feel better.
The titan is engulfed in blazing flames.
The titan hits your Brimstone Fiend!!! The titan casts a spell at you.
The bolt of lightning hits you!!!
Your resistance to physical damage fades away.
You feel protected from electricity.
You die...

..............
#p....###.....
..###....#####....
...'.....+.φ##.... #.)..##
##)... ##.....###.....
####p............. #..
##1C..°..##...##... #..
#.@##...####)####.. #...{
#.####.## ##.## ##. #...
#.####.# ##...## #.
#....##C.##..###.....###.
.#..{.#......###.......###
.....CC..######.........#
........#################
..............{. {
................


You could see 2 titans, a vault warden and a friendly Brimstone Fiend
(summoned).

Vanquished Creatures
  the Royal Jelly (Slime:5)
  Dissolution (Slime:2)
  Boris (Vaults:5)
  Margery (Vaults:4)
  Saint Roka (Vaults:2)
  4 titans (Vaults:5)
  2 krakens
  11 acid blobs
  2 sphinxes
  Gastronok (D:8)
  Kirke (Shoals:2)
  Agnes (Snake:3)
  A shadow dragon (Vaults:5)
  A fire giant (Vaults:5)
  Donald (Shoals:2)
  3 tengu reavers (Vaults:5)
  6 azure jellies
  7 nagarajas
  9 rockslimes
  Aizul (Snake:2)
  13 vault wardens
  6 frost giants
  9 ironbound preservers
  2 orc warlords
  The ghost of Kisosi the Severer, a journeyman DDFi of Makhleb (Orc:1)
  5 ironbound thunderhulks
  7 very ugly things
  10 quicksilver oozes
  3 stone giants
  An eleionoma (shapeshifter) (Vaults:5)
  2 deep elf demonologists (Vaults:5)
  A minotaur (Gauntlet)
  A deep elf annihilator (Vaults:5)
  8 dire elephants
  A crystal guardian (Vaults:3)
  A deep elf death mage (Vaults:5)
  4 ettins (Vaults:5)
  5 merfolk impalers
  An entropy weaver (Vaults:4)
  8 yaktaur captains
  2 deep elf high priests
  4 great orbs of eyes
  A fire dragon (Lair:5)
  Harold (Lair:1)
  2 peacekeepers
  6 ironbound frosthearts
  A salamander tyrant (Snake:4)
  5 hydras
  Erica (D:10)
  3 ice dragons
  9 anacondas
  A catoblepas (Lair:2)
  7 merfolk aquamancers
  2 alligator snapping turtles
  3 boulder beetles
  16 vault guards
  5 merfolk avatars
  An alligator (shapeshifter) (Vaults:5)
  3 satyrs
  10 centaur warriors
  8 death yaks
  4 death knights
  3 ogre magi
  23 two-headed ogres
  3 tengu warriors
  19 naga warriors
  10 shock serpents
  3 orc high priests (Orc:2)
  25 naga sharpshooters
  6 hell knights
  4 skysharks
  A deep elf knight (Vaults:5)
  A shadow wraith (Vaults:2)
  Nergalle (Lair:3)
  5 skeletal warriors
  4 salamander mystics
  A sixfirhy (Gauntlet)
  13 sea snakes
  11 deep trolls (Vaults:4)
  2 large abominations (Gauntlet)
  9 naga ritualists
  9 lindwurms
  A deep elf archer (Vaults:5)
  25 harpies
  9 phantasmal warriors
  An orange crystal statue (IceCv)
  10 wizards
  8 orc knights
  Pikel (D:7)
  10 mana vipers
  2 necromancers
  13 ironbound convokers
  4 orc sorcerers
  5 deep elf pyromancers
  A deep elf zephyrmancer (D:13)
  12 salamanders
  38 ugly things
  6 shining eyes
  21 fauns
  A faun (shapeshifter) (Vaults:1)
  4 cyclopes
  A manticore (shapeshifter) (D:15)
  15 manticores
  A moth of wrath (D:9)
  30 black mambas
  13 elephants
  7 merfolk sirens
  14 naga magi
  A torpor snail (Lair:5)
  5 guardian serpents
  Joseph (D:8)
  7 water nymphs
  2 molten gargoyles (Lair:5)
  A gargoyle (D:14)
  17 vault sentinels
  A centaur skeleton (D:15)
  An orange demon (Lair:3)
  12 cane toads
  14 rime drakes
  A kobold demonologist (D:12)
  An efreet (D:14)
  35 yaktaurs
  12 komodo dragons
  18 merfolk
  2 freezing wraiths (D:13)
  A spectral naga (Snake:2)
  6 meliai
  5 trolls
  15 polar bears
  Prince Ribbit (D:8)
  8 blink frogs (Lair:4)
  9 wind drakes
  Grinder (D:3)
  5 snapping turtles
  3 dream sheep (Shoals:2)
  A jumping spider (shapeshifter) (D:13)
  14 water elementals
  69 slime creatures
  9 wyverns
  7 wraiths
  4 shadows
  53 yaks
  5 basilisks
  Grum (Lair:1)
  3 golden eyes
  5 hogs (Shoals:2)
  5 steam dragons
  2 vampire mosquitoes (D:11)
  Edmund (D:4)
  5 wargs
  4 small abominations (Gauntlet)
  3 acid dragons
  51 nagas
  23 water moccasins
  Pargi (D:4)
  3 hell hounds (Lair:5)
  34 orc warriors
  2 ice beasts
  A hornet zombie (D:15)
  2 black bears
  20 wolves
  13 ogres
  19 centaurs
  A kobold brigand (D:10)
  A phantom (D:5)
  3 lemures (D:7)
  11 bullfrogs
  3 scorpions
  4 wights (D:8)
  5 killer bees (D:9)
  An electric eel (D:13)
  4 howler monkeys
  4 lava snakes (Lair:5)
  2 hounds (D:5)
  6 jellies
  32 orc priests
  A boggart zombie (D:15)
  Ijyb (D:4)
  5 iguanas
  33 orc wizards
  13 mummies (Ossuary)
  7 adders
  A shadow imp (D:8)
  3 white imps
  2 ufetubi (Gauntlet)
  3 worms
  2 dart slugs
  100 orcs
  2 ball pythons
  2 endoplasms (D:1)
  2 giant cockroaches
  5 goblins
  3 hobgoblins
  7 jackals (D:3)
  7 kobolds
  2 quokkas
  7 bats
  A frilled lizard (D:1)
  2 gnoll skeletons (Ossuary)
  2 goblin skeletons (Ossuary)
  2 kobold skeletons (Ossuary)
  2 orc skeletons (Ossuary)
  11 rats
  11 rat skeletons (Ossuary)
  4 tentacles (Shoals:2)
1511 creatures vanquished.

Vanquished Creatures (collateral kills)
  Vashnia (Snake:3)
  A titan (Vaults:5)
  5 acid blobs
  2 storm dragons (Vaults:5)
  2 azure jellies
  3 rockslimes
  3 quicksilver oozes
  An ironbound thunderhulk (Vaults:3)
  A dire elephant (Vaults:2)
  A white draconian (IceCv)
  2 great orbs of eyes (Slime:5)
  4 yaktaur captains
  4 vault guards (Vaults:5)
  An anaconda (Snake:2)
  A satyr (Shoals:2)
  A naga warrior (Snake:3)
  A shock serpent (Snake:3)
  2 salamander mystics (Snake:4)
  2 deep trolls (Vaults:4)
  2 lindwurms (Vaults:2)
  An orc knight (Vaults:5)
  An ironbound convoker (Vaults:4)
  A deep elf pyromancer (D:13)
  An orc sorcerer (Orc:2)
  3 fauns
  A mana viper (Snake:3)
  An ugly thing (IceCv)
  2 salamanders
  3 manticores
  A cyclops (D:12)
  2 merfolk sirens
  An elephant (Lair:5)
  A black mamba (Snake:4)
  2 vault sentinels
  An eye of devastation (Slime:4)
  2 naga magi
  A gargoyle (D:13)
  A rime drake (IceCv)
  3 yaktaurs
  2 trolls (D:12)
  A polar bear (IceCv)
  9 slime creatures
  4 yaks
  A water elemental (Shoals:4)
  A human (Shoals:2)
  2 nagas
  An orc warrior (Orc:2)
  A centaur (D:13)
  A phantom (D:5)
  A jelly (D:6)
  2 orc priests
  A white imp (D:5)
  3 orcs
  A ball python (D:3)
  A jackal (D:3)
101 creatures vanquished.

Vanquished Creatures (others)
  A naga ritualist (Snake:3)
  A deep elf archer (D:13)
  3 rime drakes (IceCv)
  A yaktaur (Vaults:1)
  A polar bear (IceCv)
  A slime creature (Slime:5)
  A water elemental (Shoals:3)
  A naga (Snake:3)
  2 centaurs (D:15)
  An orc wizard (Orc:2)
  14 tentacles
27 creatures vanquished.

Grand Total: 1639 creatures vanquished

Notes
Turn   | Place    | Note
-------+----------+-------------------------------------------
     0 | D:1      | Nonny the Demonspawn Monk began the quest for the Orb.
     0 | D:1      | Reached XP level 1. HP: 18/18 MP: 1/1
   205 | D:1      | Gained mutation: You are partially covered in yellow
                  | scales. (AC +2) [demonic ancestry]
   205 | D:1      | Reached XP level 2. HP: 24/24 MP: 2/2
   464 | D:1      | Found a faded altar of an unknown god.
   473 | D:1      | Reached skill level 1 in Stealth
   483 | D:1      | Prayed at the altar of an unknown god.
   483 | D:1      | Became a worshipper of Qazlal Stormbringer
   483 | D:1      | Reached * piety under Qazlal
   483 | D:1      | Reached ** piety under Qazlal
  1013 | D:2      | Gained mutation: A weak demonic guardian rushes to your
                  | aid. [demonic ancestry]
  1013 | D:2      | Reached XP level 3. HP: 24/29 MP: 3/3
  1408 | D:2      | Reached *** piety under Qazlal
  1767 | D:2      | Statue hallway floor.
  1797 | D:3      | Reached skill level 1 in Invocations
  1797 | D:3      | Reached XP level 4. HP: 31/37 MP: 3/5
  1809 | D:3      | Noticed Grinder
  1827 | D:3      | Paralysed by Grinder for 2 turns
  1835 | D:3      | Killed Grinder
  1836 | D:3      | Reached XP level 5. HP: 36/43 MP: 5/7
  1836 | D:3      | Gained mutation: You are mostly covered in yellow scales.
                  | (AC +3) [demonic ancestry]
  1836 | D:3      | Reached XP level 6. HP: 41/49 MP: 5/8
  1955 | D:3      | Found Cyinyute's Armour Shoppe.
  2296 | D:3      | Found a stormy altar of Qazlal.
  2681 | D:4      | +1 robe of willpower
  2715 | D:4      | Noticed Ijyb
  2801 | D:4      | +2 pair of gloves
  2950 | D:4      | Noticed Edmund
  2951 | D:4      | Killed Edmund
  2952 | D:4      | Reached skill level 5 in Dodging
  2952 | D:4      | Reached XP level 7. HP: 55/55 MP: 5/10
  2999 | D:4      | Noticed Pargi
  3003 | D:4      | Killed Pargi
  3004 | D:4      | Reached skill level 5 in Fighting
  3063 | D:4      | Killed Ijyb
  3263 | D:5      | Entered Level 5 of the Dungeon
  3484 | D:5      | Reached skill level 5 in Invocations
  3519 | D:5      | Found a staircase to the Ecumenical Temple.
  3525 | Temple   | Entered the Ecumenical Temple
  3525 | Temple   | Found a transporter.
  3525 | Temple   | Found a transporter.
  3527 | Temple   | Found a transporter.
  3527 | Temple   | Found a transporter.
  3557 | Temple   | Portals temple
  3578 | D:5      | Found an ancient bone altar of Kikubaaqudgha.
  3677 | D:5      | Reached XP level 8. HP: 61/63 MP: 12/12
  3825 | D:5      | Found Geckut's Assorted Antiques.
  3841 | D:5      | Bought a scroll of fear for 140 gold pieces
  4439 | D:6      | Found a sand-covered staircase.
  4481 | D:6      | Ossuary in northwest.
  4482 | Ossuary  | Entered an ossuary
  5000 | D:6      | Gained mutation: You have a pair of small antennae on your
                  | head. [demonic ancestry]
  5000 | D:6      | Reached XP level 9. HP: 69/69 MP: 13/15
  5162 | D:6      | Reached skill level 3 in Unarmed Combat
  5369 | D:6      | Found a basalt altar of Yredelemnul.
  5518 | D:6      | Found a sacrificial altar of Ru.
  5562 | D:6      | Identified the +1 chain mail "Toelitikk" {rF++ rC-}
  5800 | D:7      | Noticed Pikel
  5826 | D:7      | Killed Pikel
  5827 | D:7      | Reached skill level 4 in Unarmed Combat
  6060 | D:7      | Reached skill level 5 in Unarmed Combat
  6084 | D:7      | Found a broken altar of Ashenzari.
  6088 | D:7      | Saw a vision of the Shoals and the Snake Pit.
  6088 | D:7      | Noticed a sea snake
  6088 | D:7      | Noticed a skyshark
  6088 | D:7      | Noticed a sea snake
  6088 | D:7      | Noticed a merfolk aquamancer
  6088 | D:7      | Noticed a shock serpent
  6088 | D:7      | Noticed a naga mage
  6088 | D:7      | Noticed a guardian serpent
  6089 | D:7      | Noticed a black mamba
  6515 | D:8      | Found a shimmering altar of Xom.
  6527 | D:8      | Found a radiant altar of Vehumet.
  6561 | D:8      | Found a blossoming altar of Fedhas.
  6644 | D:8      | Noticed a two-headed ogre
  6646 | D:8      | Killed a two-headed ogre
  6647 | D:8      | Reached skill level 6 in Unarmed Combat
  6647 | D:8      | Gained mutation: Your demonic aura sometimes causes spilled
                  | blood to erupt in flames. [demonic ancestry]
  6647 | D:8      | Reached XP level 10. HP: 76/76 MP: 11/17
  6700 | D:8      | Noticed Joseph
  6700 | D:8      | Noticed Prince Ribbit
  6734 | D:8      | Killed Prince Ribbit
  6757 | D:8      | Killed Joseph
  6841 | D:8      | Noticed Gastronok
  6922 | D:8      | Reached skill level 7 in Unarmed Combat
  6933 | D:8      | Killed Gastronok
  6934 | D:8      | Reached skill level 10 in Invocations
  6942 | D:8      | hat of willpower on Gastronok
  7327 | D:9      | Found a sparkling altar of Nemelex Xobeh.
  7328 | D:9      | Noticed a two-headed ogre
  7329 | D:9      | Noticed a two-headed ogre
  7333 | D:9      | Killed a two-headed ogre
  7334 | D:9      | Reached skill level 8 in Unarmed Combat
  7360 | D:9      | Killed a two-headed ogre
  7431 | D:9      | Reached XP level 11. HP: 81/81 MP: 19/19
  7476 | D:9      | Found a bloodstained altar of Trog.
  7492 | D:9      | Killed a moth of wrath behind grates.
  7803 | D:10     | Entered Level 10 of the Dungeon
  7971 | D:10     | Reached skill level 9 in Unarmed Combat
  8006 | D:10     | Found a staircase to the Orcish Mines.
  8455 | D:10     | Noticed Erica
  8467 | D:10     | Killed Erica
  8525 | D:10     | Found a staircase to the Lair.
  8547 | D:10     | Reached skill level 10 in Dodging
  8601 | D:10     | Found a shadowy altar of Dithmenos.
  9062 | Orc:1    | Entered Level 1 of the Orcish Mines
  9074 | Orc:1    | Noticed an orc knight
  9084 | Orc:1    | Killed an orc knight
  9085 | Orc:1    | Reached skill level 10 in Unarmed Combat
  9138 | Orc:1    | Noticed an orc knight
  9183 | Orc:1    | Noticed a two-headed ogre
  9190 | Orc:1    | Killed a two-headed ogre
  9193 | Orc:1    | Noticed an orc warlord
  9196 | Orc:1    | Noticed a two-headed ogre
  9205 | Orc:1    | Noticed Kisosi's ghost (journeyman DDFi)
  9214 | Orc:1    | Found a transporter.
  9245 | Orc:1    | Noticed an orc knight
  9260 | Orc:1    | Killed an orc knight
  9369 | Orc:1    | Found a transporter.
  9525 | Orc:2    | Entered Level 2 of the Orcish Mines
  9525 | Orc:2    | Found a staircase to the Elven Halls.
  9526 | Orc:2    | Noticed an orc knight
  9530 | Orc:2    | Killed an orc knight
  9606 | Orc:2    | Gained mutation: You have a pair of antennae on your head.
                  | [demonic ancestry]
  9606 | Orc:2    | Reached XP level 12. HP: 89/89 MP: 18/21
  9637 | Orc:2    | Reached skill level 11 in Unarmed Combat
  9815 | Orc:2    | Noticed a boulder beetle
  9816 | Orc:2    | Noticed an orc high priest
  9848 | Orc:2    | Killed an orc high priest
  9861 | Orc:2    | Killed a boulder beetle
  9888 | Orc:2    | Noticed an orc high priest
  9933 | Orc:2    | Killed an orc high priest
  9972 | Orc:2    | Noticed an orc warlord
 10289 | Orc:2    | Reached skill level 12 in Unarmed Combat
 10411 | Orc:2    | Killed an orc warlord
 10423 | Orc:2    | Noticed an orc high priest
 10744 | Orc:2    | Killed an orc high priest
 10955 | Orc:2    | Found Cuaxtuabida's Antique Armour Shoppe.
 10956 | Orc:2    | Found Kezit's Antique Weapon Shoppe.
 10958 | Orc:2    | Found Zeunoed's General Store.
 10958 | Orc:2    | Found Zanucs's Jewellery Emporium.
 11087 | Lair:1   | Entered Level 1 of the Lair of Beasts
 11121 | Lair:1   | Noticed Harold
 11125 | Lair:1   | Killed Harold
 11288 | Lair:1   | Noticed Sonja
 11289 | Lair:1   | Sonja changed into Sonja the steam dragon
 11289 | Lair:1   | Noticed Sonja
 11296 | Lair:1   | Killed Sonja the steam dragon
 11362 | Lair:1   | Reached XP level 13. HP: 78/95 MP: 24/24
 11432 | Lair:1   | Reached skill level 13 in Unarmed Combat
 11525 | Lair:1   | Reached skill level 1 in Armour
 11548 | Lair:1   | Noticed Grum
 11563 | Lair:1   | Killed Grum
 11583 | Lair:1   | Reached skill level 15 in Invocations
 12019 | Lair:2   | Reached skill level 1 in Evocations
 12354 | Lair:2   | Found a staircase to the Shoals.
 12361 | Lair:2   | manticore and wind drake spawn in the south alongside
                  | Shoals entrance
 12418 | Lair:2   | Found a staircase to the Snake Pit.
 12496 | Lair:2   | Learned a level 2 spell: Passwall
 12830 | Lair:3   | Noticed Amaemon
 12834 | Lair:3   | Amaemon changed into Amaemon the golden eye
 12834 | Lair:3   | Noticed Amaemon
 12835 | Lair:3   | Killed Amaemon the golden eye
 12957 | Lair:3   | Noticed Nergalle
 12965 | Lair:3   | Killed Nergalle
 13001 | Lair:3   | Reached skill level 14 in Unarmed Combat
 13124 | Lair:3   | You fall into a shaft and drop 1 floor!
 13126 | Lair:4   | Found a viscous altar of Jiyva.
 13209 | Lair:4   | Found a staircase to the Slime Pits.
 13392 | Lair:4   | Found a gate leading to a gauntlet.
 13400 | Lair:4   | Gauntlet towards south
 13423 | Gauntlet | Entered a Gauntlet
 13423 | Gauntlet | Found a transporter.
 13423 | Gauntlet | Found a transporter.
 13426 | Gauntlet | Found a transporter.
 13427 | Gauntlet | Found a transporter.
 13430 | Gauntlet | Found a transporter.
 13430 | Gauntlet | Found a transporter.
 13456 | Gauntlet | Found a transporter.
 13460 | Gauntlet | Found a transporter.
 13464 | Gauntlet | Found a runed translucent door.
 13464 | Gauntlet | Found a runed translucent door.
 13470 | Gauntlet | Found a transporter.
 13483 | Gauntlet | Noticed a reaper
 13486 | Gauntlet | Found a transporter.
 13501 | Gauntlet | Found a transporter.
 13505 | Gauntlet | Found a transporter.
 13575 | Gauntlet | Identified the ring of Scepticism {+Blink rN+ Will+ Int+2
                  | SInv}
 13753 | Gauntlet | Noticed a minotaur
 13764 | Gauntlet | Killed a minotaur
 13775 | Gauntlet | Identified the +0 leather armour of Ymeargh {rPois Will+}
 13953 | Lair:4   | Reached **** piety under Qazlal
 14173 | Lair:4   | Gained mutation: A demonic guardian rushes to your aid.
                  | [demonic ancestry]
 14173 | Lair:4   | Reached XP level 14. HP: 92/101 MP: 25/25
 14716 | Lair:3   | condenser vane
 14854 | Lair:3   | lightning rod
 15291 | Lair:5   | Entered Level 5 of the Lair of Beasts
 15298 | Lair:5   | Reached skill level 15 in Unarmed Combat
 15587 | Lair:5   | Reached skill level 5 in Armour
 15787 | Lair:5   | Found a large runed translucent door.
 15787 | Lair:5   | Found a large runed translucent door.
 15850 | Lair:5   | Reached skill level 16 in Unarmed Combat
 16057 | Lair:5   | Reached skill level 5 in Evocations
 16245 | Lair:5   | Reached ***** piety under Qazlal
 16305 | Lair:5   | Identified the +4 scale mail of the Eternal Void {Fly rPois
                  | rF- Dex+4}
 17320 | D:11     | Identified the ring of Unoubota {rF++ rN+ Will+}
 17920 | D:12     | Reached skill level 17 in Unarmed Combat
 18080 | D:12     | Reached XP level 15. HP: 96/108 MP: 26/26
 18984 | Orc:1    | Killed Kisosi's ghost
 19000 | Orc:1    | Identified the +2 hat of the Eagle {+Blink Will+ Str+3
                  | Dex+2}
 19117 | D:13     | HP: 1/108 [spore (9)]
 19218 | D:13     | Reached skill level 18 in Unarmed Combat
 19290 | D:13     | Found a gate to the Vaults.
 19962 | D:13     | Yak vault.
 20718 | D:14     | Found an opulent altar of Gozag.
 20825 | D:14     | Found Ackorit's Armour Shoppe.
 20829 | D:14     | Found Pilulerr's Distillery.
 20833 | D:14     | Bought a +2 pair of boots of stealth for 344 gold pieces
 20849 | D:14     | Bought a potion of curing for 39 gold pieces
 20849 | D:14     | Bought a potion of haste for 130 gold pieces
 20849 | D:14     | Bought a potion of curing for 39 gold pieces
 20849 | D:14     | Bought a potion of curing for 39 gold pieces
 20849 | D:14     | Bought a potion of invisibility for 104 gold pieces
 20849 | D:14     | Bought a potion of might for 52 gold pieces
 20935 | D:14     | Found Rohups's Assorted Antiques.
 20987 | D:14     | Bought a scroll of teleportation for 87 gold pieces
 20987 | D:14     | Bought a gilded ring for 145 gold pieces
 20991 | D:14     | Bought a scroll labelled BURORE CYSIYC for 29 gold pieces
 20991 | D:14     | Bought a scroll labelled BURORE CYSIYC for 29 gold pieces
 21025 | D:14     | Found Wiud's Jewellery Shoppe.
 21084 | D:14     | Found Qyarhic's Book Shoppe.
 21506 | D:15     | Entered Level 15 of the Dungeon
 21523 | D:15     | Found an ancient bone altar of Kikubaaqudgha.
 21600 | D:15     | Reached skill level 1 in Shields
 21604 | D:15     | Reached skill level 19 in Unarmed Combat
 21669 | D:15     | Gained mutation: Your demonic aura often causes spilled
                  | blood to erupt in flames. [demonic ancestry]
 21669 | D:15     | Reached XP level 16. HP: 94/115 MP: 22/27
 21721 | D:15     | Found a shadowy altar of Dithmenos.
 21855 | D:15     | Found a frozen archway.
 21859 | D:15     | Ice cave in west.
 21873 | IceCv    | Entered an ice cave
 21968 | IceCv    | Reached ****** piety under Qazlal
 22368 | IceCv    | Identified the +0 helmet of Hide-and-Seek {rF+ Dex+4}
 22731 | D:15     | Found a staircase to the Depths.
 23373 | Snake:1  | Entered Level 1 of the Snake Pit
 23418 | Snake:1  | Identified the +6 whip of the Slime-mould {venom, rPois
                  | Dex+3}
 23424 | Snake:1  | Reached skill level 5 in Shields
 23749 | Snake:1  | Reached skill level 20 in Unarmed Combat
 23836 | Snake:1  | Found a sparkling altar of Nemelex Xobeh.
 23942 | Snake:1  | Found Gasyng's Jewellery Shop.
 23948 | Snake:1  | Found Lariumy's Book Shoppe.
 23949 | Snake:1  | Found Aroitief's Jewellery Shop.
 23955 | Snake:1  | Bought an amulet of regeneration for 420 gold pieces
 23970 | Snake:1  | Bought the ring "Welab" {rC+ rN+ Str-2 SInv} for 470 gold
                  | pieces
 24720 | Snake:2  | Gained mutation: You have a pair of large antennae on your
                  | head. (SInv) [demonic ancestry]
 24720 | Snake:2  | Reached XP level 17. HP: 122/122 MP: 28/28
 25129 | Snake:2  | +2 rPois kite shield found in southwestern vault
 25143 | Snake:3  | Noticed Aizul
 25162 | Snake:2  | Killed Aizul
 25195 | Snake:3  | Noticed Vashnia
 25264 | Snake:3  | Identified the +7 short sword of a ziggurat {flame, Dex+4}
 25271 | Snake:3  | Killed Vashnia
 25457 | Snake:3  | Reached skill level 10 in Shields
 25491 | Snake:3  | Noticed Agnes
 25657 | Snake:3  | Killed Agnes
 26147 | Snake:4  | Entered Level 4 of the Snake Pit
 26280 | Snake:4  | Found Ejiboary's Overcharged Wands.
 26522 | Snake:3  | Learned a level 2 spell: Blink
 26702 | Snake:4  | Gained mutation: A powerful demonic guardian rushes to your
                  | aid. [demonic ancestry]
 26702 | Snake:4  | Reached XP level 18. HP: 109/129 MP: 27/30
 27391 | Snake:4  | Got a serpentine rune of Zot
 27392 | Snake:4  | Endvault in west.
 27643 | Shoals:1 | Entered Level 1 of the Shoals
 27750 | Snake:1  | Bought a ring of flight for 245 gold pieces
 28907 | Shoals:2 | Noticed Donald
 28909 | Shoals:2 | Noticed Kirke
 28916 | Shoals:2 | Killed Kirke
 28920 | Shoals:2 | Killed Donald
 29357 | Shoals:2 | Found Kagiode's Gadget Gallery.
 30371 | Shoals:3 | Reached skill level 15 in Shields
 30695 | Shoals:4 | Entered Level 4 of the Shoals
 30893 | Shoals:4 | Gained mutation: You are completely covered in yellow
                  | scales. (AC +4, rCorr) [demonic ancestry]
 30893 | Shoals:4 | Reached XP level 19. HP: 136/136 MP: 28/32
 31367 | Shoals:4 | Identified the amulet of Febraf {Faith +Inv Stlth+}
 31450 | Shoals:4 | Got a barnacled rune of Zot
 31451 | Shoals:4 | rune in east
 32171 | Vaults:1 | Entered Level 1 of the Vaults
 32595 | Vaults:1 | Found Xiejora's Magic Scroll Shop.
 32603 | Vaults:1 | Bought a scroll of fear for 48 gold pieces
 32603 | Vaults:1 | Bought a scroll of fear for 48 gold pieces
 32603 | Vaults:1 | Bought a scroll of teleportation for 36 gold pieces
 32603 | Vaults:1 | Bought a scroll of immolation for 48 gold pieces
 33447 | Slime:1  | Entered Level 1 of the Pits of Slime
 33614 | Slime:1  | HP: 1/138 [rockslime (27)]
 33759 | Slime:2  | Gained mutation: You are frail. (-10% HP) [a shining eye]
 34007 | Slime:4  | Noticed Dissolution
 34029 | Slime:3  | Paralysed by a floating eye for 3 turns
 34106 | Slime:2  | Killed Dissolution
 34246 | Slime:4  | Gained mutation: You occasionally shout uncontrollably at
                  | your foes. [a shining eye]
 34247 | Slime:4  | Gained mutation: You are clumsy. (Dex -2) [a shining eye]
 34249 | Slime:4  | Lost mutation: You are frail. (-10% HP) [potion of
                  | mutation]
 34249 | Slime:4  | Lost mutation: You occasionally shout uncontrollably at
                  | your foes. [potion of mutation]
 34249 | Slime:4  | Gained mutation: You are robust. (+10% HP) [potion of
                  | mutation]
 34379 | Slime:5  | Entered Level 5 of the Pits of Slime
 34398 | Slime:5  | Gained mutation: You are strong-willed. (Will+) [a shining
                  | eye]
 34403 | Slime:4  | Gained mutation: Armour fits poorly on your strangely
                  | shaped body. [a shining eye]
 34404 | Slime:4  | Gained mutation: You are very clumsy. (Dex -4) [a shining
                  | eye]
 34404 | Slime:4  | Lost mutation: You are robust. (+10% HP) [a shining eye]
 34408 | Slime:4  | Gained mutation: Your magical capacity is low. (-10% MP) [a
                  | shining eye]
 34411 | Slime:4  | Gained mutation: You sometimes lose your temper in combat.
                  | [a shining eye]
 34414 | Slime:4  | Lost mutation: You are strong-willed. (Will+) [potion of
                  | mutation]
 34414 | Slime:4  | Lost mutation: You sometimes lose your temper in combat.
                  | [potion of mutation]
 34414 | Slime:4  | Lost mutation: You are very clumsy. (Dex -4) [potion of
                  | mutation]
 34414 | Slime:4  | Gained mutation: Your mind is acute. (Int +4, Str/Dex -1)
                  | [potion of mutation]
 34414 | Slime:4  | Gained mutation: You have hidden genetic defects. [potion
                  | of mutation]
 34415 | Slime:4  | Lost mutation: Armour fits poorly on your strangely shaped
                  | body. [potion of mutation]
 34415 | Slime:4  | Lost mutation: You are clumsy. (Dex -2) [potion of
                  | mutation]
 34415 | Slime:4  | Gained mutation: You sometimes lose your temper in combat.
                  | [potion of mutation]
 34415 | Slime:4  | Gained mutation: Your flesh is heat resistant. (rF+)
                  | [potion of mutation]
 34416 | Slime:4  | Lost mutation: Your magical capacity is low. (-10% MP)
                  | [potion of mutation]
 34416 | Slime:4  | Lost mutation: You sometimes lose your temper in combat.
                  | [potion of mutation]
 34416 | Slime:4  | Lost mutation: Your flesh is heat resistant. (rF+) [potion
                  | of mutation]
 34416 | Slime:4  | Gained mutation: You have an increased reservoir of magic.
                  | (+10% MP) [potion of mutation]
 34416 | Slime:4  | Gained mutation: Your muscles are strong. (Str +4, Int/Dex
                  | -1) [potion of mutation]
 34416 | Slime:4  | Gained mutation: You sometimes lose your temper in combat.
                  | [potion of mutation]
 34416 | Slime:4  | Gained mutation: You are covered in fur. (AC +1) [potion of
                  | mutation]
 34417 | Slime:4  | Lost mutation: You have hidden genetic defects. [potion of
                  | mutation]
 34417 | Slime:4  | Lost mutation: You have an increased reservoir of magic.
                  | (+10% MP) [potion of mutation]
 34417 | Slime:4  | Gained mutation: You occasionally lose the ability to drink
                  | potions when taking damage. [potion of mutation]
 34417 | Slime:4  | Gained mutation: Your system is resistant to poisons.
                  | (rPois) [potion of mutation]
 34417 | Slime:4  | Gained mutation: You are covered in thick fur. (AC +2)
                  | [potion of mutation]
 34418 | Slime:4  | Lost mutation: Your system is resistant to poisons. (rPois)
                  | [potion of mutation]
 34418 | Slime:4  | Lost mutation: You occasionally lose the ability to drink
                  | potions when taking damage. [potion of mutation]
 34418 | Slime:4  | Lost mutation: Your muscles are strong. (Str +4, Int/Dex
                  | -1) [potion of mutation]
 34418 | Slime:4  | Gained mutation: Your body sometimes deteriorates upon
                  | taking damage. [potion of mutation]
 34419 | Slime:4  | Lost mutation: Your body sometimes deteriorates upon taking
                  | damage. [potion of mutation]
 34419 | Slime:4  | Lost mutation: Your mind is acute. (Int +4, Str/Dex -1)
                  | [potion of mutation]
 34419 | Slime:4  | Lost mutation: You are covered in thick fur. (AC +2)
                  | [potion of mutation]
 34419 | Slime:4  | Lost mutation: You are covered in fur. (AC +1) [potion of
                  | mutation]
 34419 | Slime:4  | Gained mutation: Your mind is acute. (Int +4, Str/Dex -1)
                  | [potion of mutation]
 34755 | Slime:5  | Noticed the Royal Jelly
 34777 | Slime:5  | Killed the Royal Jelly
 34844 | Slime:5  | Reached XP level 20. HP: 66/146 MP: 33/33
 34857 | Slime:5  | Gained mutation: Your body sometimes deteriorates upon
                  | taking damage. [a shining eye]
 34896 | Slime:5  | Paralysed by a great orb of eyes for 3 turns
 35206 | Slime:4  | Paralysed by a Zot trap for 4 turns
 35255 | Slime:4  | Lost mutation: Your body sometimes deteriorates upon taking
                  | damage. [potion of mutation]
 35255 | Slime:4  | Lost mutation: Your mind is acute. (Int +4, Str/Dex -1)
                  | [potion of mutation]
 35255 | Slime:4  | Lost mutation: You sometimes lose your temper in combat.
                  | [potion of mutation]
 35255 | Slime:4  | Gained mutation: You have hidden genetic potential. [potion
                  | of mutation]
 35910 | Slime:5  | Reached skill level 10 in Fighting
 36429 | Slime:5  | Found the +5 Force Lance {heavy, knockback}
 36454 | Slime:5  | Identified the +8 chain mail "Leczair" {rPois rF+ Str-2
                  | Dex+3}
 36510 | Slime:5  | Gained mutation: Your presence sometimes corrodes those you
                  | injure. [demonic ancestry]
 36510 | Slime:5  | Reached XP level 21. HP: 153/153 MP: 34/34
 36529 | Slime:5  | Got a slimy rune of Zot
 36531 | Slime:5  | Got the Anthology of Destructive Profane Liturgies
 37313 | Vaults:2 | Found Gecay's Magic Scroll Shop.
 37321 | Vaults:2 | Bought a scroll of teleportation for 42 gold pieces
 37321 | Vaults:2 | Bought a scroll of fear for 56 gold pieces
 37321 | Vaults:2 | Bought a scroll of immolation for 56 gold pieces
 37526 | Vaults:2 | Found a portal to a secret trove of treasure.
 37643 | Vaults:2 | Found Russy's Distillery.
 37651 | Vaults:2 | Bought a potion of curing for 63 gold pieces
 37651 | Vaults:2 | Bought a potion of curing for 63 gold pieces
 37651 | Vaults:2 | Bought a potion of cancellation for 168 gold pieces
 37651 | Vaults:2 | Bought a potion of might for 84 gold pieces
 37651 | Vaults:2 | Found Ytup's Antique Weapon Emporium.
 37692 | Vaults:2 | Noticed Saint Roka
 37722 | Vaults:2 | Killed Saint Roka
 37897 | Vaults:2 | Reached skill level 21 in Unarmed Combat
 37975 | Vaults:2 | Found a staircase to the Crypt.
 38250 | Vaults:2 | Found Appaowiwk's Magic Scroll Emporium.
 38336 | Vaults:2 | Bought a scroll of teleportation for 48 gold pieces
 38336 | Vaults:2 | Bought a scroll of immolation for 64 gold pieces
 38934 | Vaults:3 | Found a large runed translucent door.
 38934 | Vaults:3 | Found a large runed translucent door.
 38935 | Vaults:3 | Noticed Ogiufoxyo's ghost (adept MfIE)
 39978 | Vaults:4 | Strange translucent stone wall vault. I guess this is where
                  | they store them.
 40434 | Vaults:4 | Gained mutation: You have large cloven feet. [hidden
                  | potential]
 40540 | Vaults:4 | Reached XP level 22. HP: 116/163 MP: 35/35
 40659 | Vaults:4 | Noticed Margery
 40681 | Vaults:4 | Killed Margery
 41022 | Vaults:4 | Reached skill level 22 in Unarmed Combat
 41291 | Vaults:5 | Entered Level 5 of the Vaults
 41409 | Vaults:5 | Noticed Boris
 41437 | Vaults:5 | Killed Boris
 41693 | Vaults:5 | Identified the +1 arbalest of Makhleb's Reproof {heavy, rN+
                  | Will- Int+5}
 42134 | Vaults:5 | Identified the +2 robe of the Swamp {Will+ Dex+2}
 42296 | Vaults:5 | Killed from afar by a titan

Illustrated notes ..#######.#.########............. #.# #.#.# #......#######.### #.# ####.#.####.##.......#...... ..# #.........#......###.#.##.#. ######.##.#.##.#......#.......... ............##.#.#....#####.###.. ...#.#.##...##.#.#............... ...#......#.##.#.#........#.###.. ...##.....#....#@....##.....# #.. ...##.....#.##.°.○...##.#.#####.. ...##.....#.##.......#.........#. ..........#.######......#.####.#. ...########.# ##.............. #...# #.# #8..##.#....#.## ..#.# #.# ##..##.#....#... #...# #.# #..##.#....#... #...#######.# ##..........#... Turn 1767 on D:2: Statue hallway floor. .. #. . .##. .. ...####. #...... ######.....### #)...........## #.......○.....## #........@.#...# #..........#.... #.......§....... #.......§...##.. #..........## #...........## ####.....#...# # ##.....#...##.# ##...^...#.....# .. Turn 2681 on D:4: +1 robe of willpower .###.# ###.......... .###.# ##.....# .. .#...# #..##†## ... ...# #.# #†# ##.... #..## #####.###.##...... ##..###................. .##...#.......##.##..... . ###.........##.# .!. .##...#....#####@## . ##.......### #..# #.....#### ##.# ....... .# .#.....# .. ##.....# ... #.#...# .... #...).. ..... ....... ..>... Turn 2801 on D:4: +2 pair of gloves ##_#...#_## ##..#...#..## ###...#...#...### ##_..._#...#...._## #......#...#......# #......#...#......# #......#...#......# #.....©#©.©#©.....# #......#8@8#......# #.....©#©.©#©.....# #......#...#.._...# #......#...#......# #......#...#......# ##.....#...#.....## ###...#...#...### ##..#...#..## ##_#.<.#_## Turn 3557 on Temple: Portals temple *,,,,,,,,....... *.#******,...... #.# ###...#. #.#######.....#. #****#.#............. #.,,,....***#......#. #.####.#** #........ ##......# ##......#. #....@○.#####...#####. #.................# ## #.....#######...#.# # #.......# ##.##.# # #.......#****#.#*,# # ###.#.....,,,..#*,* # #.........#*###*,* # #........<..,* *,* #.........##.***,* Turn 4481 on D:6: Ossuary in northwest.

.#########...#...................
.'...........#..................)
.#...........#...................
.#...........#...................
+##.....###+##........)..........
..#.....##...#...................
..#.....##...#....)..............
..'..........#)..................
..#.[......))'.5@...########.....
..#.....##...#......# #.....
..#.....##...#......# #.....
..#.....##...#......# #.....
........##...#......# #.....
..........)..#......# #.....
..#..........#......# #.....
..+..........#......### ####.....
..#..........#........# #........


Turn 6942 on D:8: hat of willpower on Gastronok ###....## #....... ##.......##
#....... #.).......# ###....... ##....#....###.'....... #....###...##..#.......
#)._.#.#......##....... #.)..###...#####....... #....#....# #....... #....@....#
#....... ##)......## ###+#### ###....## ###### Turn 7492 on D:9: Killed a moth
of wrath behind grates. ###### ## ###### ### #...$# # .###.##P###.####P.>.#.##
........................ ........................ ...............○@.......
........................ .............°.......H.. #PP##...###.P.#.##..##.#
######### ####### ### # Turn 12361 on Lair:2: manticore and wind drake spawn in
the south alongside Shoals entrance ##..###..................
......................... ........)................ ##....P##..########....##
#.P....P#### ##..# ......######### ## ..# ......###..##.####.##...
................○....... .#.........F....@S...... ###...#.#...###.###.....
#...P####### ### ... ##..P# . #..## ... ...§ Turn 13400 on Lair:4: Gauntlet
towards south .................... ........................
........................ ........................ .................##+...P
......###.##.....##.#..# ......#.#.###P...#P..... ............##...#......
..##@.○..#.....#.... ........○...##...##.... .....##○.....#....#.. ....
#.P###.#...## ... #######.#...# .. ............# . ................
................. ..........<...... Turn 14716 on Lair:3: condenser vane
#....##..###P......# ........#.P#.+#...# ..................#####
......................#. ........................ ................§.......
.................○...... ..............§..○...... .......##...####@.......
.......###..# #......... .........##.###.....#..P .........'..........# ..
.......##.....#.....P# . .......###..##......... ........###.####....##..
.......#.#..#P#...... .. .................... Turn 14854 on Lair:3: lightning
rod ........ ........ . ###########....... .. #.#.#.#.#.#....... ...
#.#$#.#.#.#....... .... #'#'#'#'#'#.....~≈ ≈...~##°...°....'...≈≈≈≈
≈≈≈.≈≈≈≈≈~~≈~~~≈≈'~≈≈≈≈≈≈ ≈~~≈≈S #@........'†..≈≈≈≈ ...≈.. #.#'#.#'#.#††..≈≈≈
......##.#.#$#.#.#†.....~ .......#.#.#.#.#.#.†..... .......###########.......
......................... ......................... ###.........)............
#####....))†....######. Turn 19962 on D:13: Yak vault. .......... ....
########/....... #... ........#........ #...#........#.$......
#............#........ #....#...... #.....### # ..○...... #.....#
#..#.∩.#.#####..).## #....@.....o......# #....#.#######....# #.....☼§○....#....#
#....#...°...'....# ####.#°.°....#....# #.#.......#....# #.#.......#.......
#.#.......#...#### ##......#...# Turn 21859 on D:15: Ice cave in west.
########## #........# #........# #.....^..# #........# #######........#
#########)....#...○....# ..............#○@......# .########.....#..°.)...#
##########..###...○....# ...........## ##°#.##### ..........## ##..#.#
..........# #..##.# ..........# ##.###.# ..........# #..# #.# ..........###.##
#.########## Turn 25129 on Snake:2: +2 rPois kite shield found in southwestern
vault #..##......##..##. #...##....##....## #....##..##......#
#.......##........ #.......##........ #....##..##......# #.§.##....##....##
#..## .....##..##. #@## .......##.... ### ............. .............#
....##...## ... #...##. .. #...##). . #...##).. ...##.... ##..... Turn 27392 on
Snake:4: Endvault in west. ......~~≈≈≈≈≈≈≈≈≈≈≈≈≈≈≈≈≈≈≈#
......~~≈≈≈≈≈≈≈≈≈≈≈≈≈≈≈≈≈≈≈# .)..~~~~~≈≈≈≈≈≈≈≈≈≈≈≈≈≈≈≈≈≈#
~~)~~~~~~~~≈≈≈#^P~~≈≈≈≈≈≈≈≈# ~~~~≈~~~~~~~P~##~~~~~~≈≈≈≈≈#
~~~~~~~~~~~~#~P#~P~~#~~≈≈≈≈# ~~~~~~~....~#~~~~§~~#.~≈≈≈≈#
~~.........~~~.§...##~~≈≈≈≈# .[.........~~~○.@.○..~~≈≈≈≈#
....).~....~##○.c.°.~P~≈≈≈≈ <#..~.~~~~~.#~~~~..P#P~≈≈ ###)....~~~~#~PP~#..#~~≈≈
###.....~~~~~~~~^##..~~≈≈ ...~....~~~~~~~~P. ..~≈≈≈ ..~.....~~~~~~~... ..~≈≈
~~~~~..~~~~~~~)... ~~≈≈ ~~~~~~~~~≈~~~~~ Turn 31451 on Shoals:4: rune in east
#...#........# #..)#(.......# #...'........# #...#######'###
######...##......### .........###......## .........##..°...#.#
........8####....§.# #####+######.°..@..# ###...°### ####.§.### #####.####
########## Turn 39978 on Vaults:4: Strange translucent stone wall vault. I guess
this is where they store them.

Levels and vault maps discovered:
D:1:      saegor_arrival_under_anarchy, layout_basic,
          hellmonk_ecumenical_altar_pennies_from_heaven, minmay_curled_crystal
D:2:      layout_basic, serial_corexii_hall, chequers_hall_statues_wall_a,
          chequers_hall_statues_corner_a, corexii_hall_statues_x,
          corexii_hall_statues_t
D:3:      layout_basic, general_overflow_altar, serial_shops, shop, uniq_grinder
D:4:      layout_rooms, tso_metal_star, uniq_ijyb, uniq_edmund, uniq_pargi
D:5:      layout_loops_corners, mainiacjoe_overflow_cross_hatched, temple_green,
          serial_shops, shop
D:6:      layout_loops_ring, kennysheep_ying_yang, nicolae_ru_path_of_blood,
          enter_ossuary_3, hangedman_abyss_or_decor_stagger
D:7:      layout_basic, grunt_ashenzari_visionary
          [grunt_ashenzari_visionary_shoals, grunt_ashenzari_visionary_snake],
          uniq_pikel
D:8:      layout_gridville, mainiacjoe_overflow_24_doors,
          nicolae_overflow_hidden_temple, glass_columns_a, skrybe_limestone_x,
          uniq_joseph, uniq_prince_ribbit1, uniq_gastronok
D:9:      layout_roguey, tgw_trog, mainiacjoe_overflow_concentric_impassable,
          serial_bayou_pond_c
D:10:     layout_basic, mainiacjoe_overflow_brackets, david_lair_generic,
          hiddenorc2_lemuel, uniq_erica
D:11:     layout_gridville
D:12:     layout_stronghold, minmay_shattered_shrine
D:13:     argonaut_augean_stables, layout_long_grid,
          hangedman_vaults_entry_quadrant_bands
D:14:     layout_irregular_city, nicolae_gozag_seed_capital, serial_shops, shop,
          nicolae_shop_real_fake_doors, shop, shop, nicolae_shop_scrapyard
D:15:     grunt_enter_depths_magical_seal, layout_irregular_city,
          portal_ice_cave_entry_pillars_1, kiku_gazebo_garden_becter,
          grunt_dithmenos_smoke_and_mirrors
Temple:   hellmonk_temple_divided_pantheon
Lair:1:   layout_roguey, infiniplex_staircase_pool_2, uniq_harold, uniq_sonja,
          uniq_grum
Lair:2:   layout_big_grid, minmay_shoals_entry_beasts,
          nicolae_snake_entry_squirm, nzn_sisyphean_effort
Lair:3:   layout_regular_city, uniq_nergalle, uniq_amaemon
Lair:4:   layout_long_grid, nicolae_slime_entry_field_trip,
          gauntlet_entry_generic, lemuel_fruit_tree, serial_bayou_shore_a
Lair:5:   cheibrodos_lair_end_hotspot, layout_gridlike
Shoals:1: layout_shoals
Shoals:2: cheibrodos_shoals_satyrical_garden, layout_shoals,
          nicolae_shop_gadgets, uniq_kirke, uniq_donald
Shoals:3: layout_shoals
Shoals:4: shoals_end_grunt_garden, layout_shoals
Snake:1:  layout_misc_corridors, basic_altar, grunt_megastairs_4,
          nicolae_triple_integral, minmay_shop_grove
Snake:2:  layout_rooms, nicolae_snake_ghostly_warrior_ritual
Snake:3:  layout_onion, uniq_agnes, uniq_vashnia, uniq_aizul
Snake:4:  johnstein_snake_rune_scales, layout_cave_town, serial_bayou_pond_e,
          nicolae_shop_overcharged_wands
Slime:1:  layout_caves
Slime:2:  layout_caves
Slime:3:  layout_caves, basic_altar, nicolae_slime_rock_hall_of_fame
Slime:4:  layout_caves, dissolution_awaits
Slime:5
Orc:1:    layout_caves, gammafunk_ghost_arena, basic_altar
Orc:2:    st_orc_congregation, layout_caves, rock_pile
Vaults:1: nicolae_vaults_tangram_2, nicolae_vaults_double_plus_2, kb_rosetta,
          nicolae_vaults_tetromino_T_2, vaults_dpeg_diagonal,
          nicolae_vaults_tangram_1, layout_vaults_omnigrid, serial_shops, shop
Vaults:2: blue_anna_dwarven_crypt, nicolae_vaults_halls_meeting,
          nicolae_vaults_border_crossing, grunt_vaults_funnel,
          dpeg_vaults_monster_box, hangedman_vaults_slice, ontoclasm_vaults_eye,
          vaults_dpeg_spiral, ontoclasm_vaults_shuriken,
          nicolae_vaults_tetromino_L_2, layout_vaults_chaotic_city,
          enter_trove_0, serial_shops, nicolae_shop_industrial_runoff, shop,
          nicolae_shop_stone, shop, uniq_saint_roka
Vaults:3: ebering_ghost_disaster_area, nicolae_vaults_trapezoid_4, v_misc_19,
          nicolae_vaults_closet_pinwheel_2, v_misc_18, nicolae_vaults_swerve,
          ontoclasm_vaults_ring_square, nicolae_vaults_theta, serial_ice_g,
          vaults_room_pool, nicolae_vaults_yaktaur_gun_rack,
          nicolae_vaults_tetromino_T_1, v_misc_11,
          nicolae_vaults_little_squares_3, nicolae_vaults_little_squares_4,
          layout_vaults_big_cross
Vaults:4: nicolae_vaults_fighting_squares, nicolae_vaults_meiosis,
          grunt_vaults_diagonal, vaults_mumra_hexcomb, vaults_mumra_hex,
          nicolae_vaults_shrinking_rooms_1, v_misc_13,
          nicolae_vaults_inception_statues, v_misc_30, v_misc_30,
          nicolae_vaults_storage_room_glass, nicolae_vaults_trapezoid_1,
          grunt_vaults_hallway_short, nicolae_vaults_house_1,
          layout_vaults_maze_snakey, uniq_margery
Vaults:5: uniq_boris

Skill      XL: |  1  2  3  4  5  6  7  8  9 10 11 12 13 14 15 16 17 18 19 20 21 22 |
---------------+-------------------------------------------------------------------+-----
Dodging        | 3 4 5 6 7 9 10 11 12 | 12.3
Stealth        | 1 2 |  2.0
Invocations    | 1 3 4 5 8 9 11 13 14 15 17 18 19 20 | 20.0
Fighting       | 4 5 6 7 8 9 10 11 12 | 12.7
Unarmed Combat | 6 8 10 12 14 17 19 20 21 22 | 22.6
Armour         | 4 5 6 7 |  7.4
Evocations     | 4 6 8 9 |  9.0
Shields        | 2 7 12 15 16 17 18 | 18.8
Throwing       | |  0.3

Action                     |  1- 3 |  4- 6 |  7- 9 | 10-12 | 13-15 | 16-18 | 19-21 | 22-24 || total
---------------------------+-------+-------+-------+-------+-------+-------+-------+-------++-------
  Melee: Unarmed           |   128 |   107 |   643 |   733 |  1330 |  1456 |  1268 |   510 ||  6175
  Throw: Stone             |       |       |     2 |     8 |       |       |       |       ||    10
         Dart              |       |       |       |     3 |     3 |     1 |     2 |       ||     9
         Throwing net      |       |       |       |       |     1 |     2 |     2 |       ||     5
         Boomerang         |       |       |       |       |       |     5 |    12 |       ||    17
   Cast: Passwall          |       |       |       |       |     1 |       |       |       ||     1
 Invoke: Upheaval          |       |     1 |    17 |    47 |     9 |    40 |    21 |     2 ||   137
         Elemental Force   |       |       |       |     1 |       |     4 |     3 |     4 ||    12
         Disaster Area     |       |       |       |       |     2 |     2 |       |     1 ||     5
  Evoke: Wand              |       |       |     1 |    14 |     4 |     1 |     9 |       ||    29
         Lightning rod     |       |       |       |       |     4 |       |     8 |     1 ||    13
         Condenser vane    |       |       |       |       |       |     1 |     1 |     1 ||     3
         Box of beasts     |       |       |       |       |       |       |     1 |       ||     1
         Phial of floods   |       |       |       |       |       |       |     1 |       ||     1
         Phantom mirror    |       |       |       |       |       |       |     1 |       ||     1
    Use: Potion            |       |     3 |       |     3 |     6 |     4 |    28 |     6 ||    50
         Scroll            |       |    10 |    11 |     3 |    15 |     5 |    12 |     1 ||    57
   Stab: Distracted        |       |       |     1 |       |       |     2 |     2 |     2 ||     7
         Held in net/web   |       |       |       |       |     1 |     5 |     3 |       ||     9
         Paralysed         |       |       |       |       |       |     2 |       |       ||     2
 Armour: Ring mail         |    66 |    33 |       |       |       |       |       |       ||    99
         Robe              |       |     5 |     2 |       |       |       |       |       ||     7
         Troll leather arm |       |       |   108 |   161 |   263 |   192 |   144 |       ||   868
         Scale mail        |       |       |       |       |    21 |    25 |       |       ||    46
         Chain mail        |       |       |       |       |       |       |    82 |    77 ||   159
  Dodge: Dodged            |    79 |    67 |   377 |   750 |  1132 |   787 |   490 |    59 ||  3741
         Repelled          |       |       |       |       |    15 |    43 |     7 |     4 ||    69
  Block: Orb               |     5 |    18 |    80 |    90 |   280 |       |       |       ||   473
         Kite shield       |       |       |       |       |    89 |   754 |       |       ||   843
         Tower shield      |       |       |       |       |       |  1017 |  1668 |   443 ||  3128
